 Dungeon Crawl Stone Soup version 0.29.1-1-gd02db6906a (webtiles) character file.

Game seed: 9266323159764888249

616 mcbry74 the Chopper (level 7, -2/61 HPs)
             Began as a Minotaur Berserker on Oct 11, 2022.
             Was a Priest of Trog.
             Slain by a gnoll sergeant
             ... wielding a +2 vampiric trident
              (13 damage)
             ... on level 5 of the Dungeon.
             The game lasted 00:12:40 (4477 turns).

mcbry74 the Chopper (Minotaur Berserker)            Turns: 4477, Time: 00:12:41

Health: -2/61      AC:  9    Str: 22    XL:     7   Next: 21%
Magic:  6/6        EV: 12    Int:  6    God:    Trog [***...]
Gold:   397        SH:  0    Dex:  9    Spells: 6/6 levels left

rFire   + + .      SeeInvis .   a - +0 hand axe
rCold   . . .      Faith    .   (no shield)
rNeg    . . .      Spirit   .   C - +2 ring mail {rF+}
rPois   .          Reflect  .   (helmet restricted)
rElec   .          Harm     .   (no cloak)
rCorr   .          Rampage  .   w - +0 pair of gloves
Will    .....                   (no boots)
Stlth   ..........              (no amulet)
HPRegen 0.20/turn               g - ring of flight
MPRegen 0.10/turn               p - ring of protection from fire

@: flying
A: horns 2, retaliatory headbutt
a: Renounce Religion, Berserk, Trog's Hand


You were on level 5 of the Dungeon.
You worshipped Trog.
Trog was most pleased with you.
You visited 1 branch of the dungeon, and saw 5 of its levels.

You collected 452 gold pieces.
You spent 55 gold pieces at shops.

Inventory:

Hand Weapons
 a - a +0 hand axe (weapon)
 h - a +0 sling
 y - a +2 vorpal mace
Missiles
 c - 86 stones (quivered)
Armour
 b - a +0 animal skin
 j - a scarf of invisibility
 k - a +0 ring mail
 q - a +3 scale mail
 w - a +0 pair of gloves (worn)
 C - a +2 ring mail of fire resistance (worn)
Jewellery
 g - a ring of flight (left hand)
 p - a ring of protection from fire (right hand)
 v - an amulet of guardian spirit
Wands
 o - a wand of flame (9)
 z - a wand of roots (9)
Scrolls
 d - a scroll of enchant weapon
 i - 2 scrolls of brand weapon
 m - a scroll of vulnerability {unknown}
 n - 2 scrolls of enchant armour {unknown}
 r - a scroll of teleportation {unknown}
 s - a scroll of blinking {unknown}
 t - a scroll of immolation
 u - 2 scrolls of noise
 D - a scroll of identify
Potions
 e - a potion of invisibility {unknown}
 f - a potion of curing {unknown}
 l - 3 potions of resistance {unknown}
 x - a potion of mutation {unknown}
 A - a potion of heal wounds
 B - a potion of brilliance {unknown}
 E - a potion of lignification {unknown}


   Skills:
 + Level 5.5 Fighting
 * Level 6.9 Axes
 + Level 4.7 Armour
 + Level 4.3 Dodging


You had 6 spell levels left.
You didn't know any spells.
Your spell library contained the following spells:

 Spells                   Type           Power      Damage    Failure   Level
 Apportation              Tloc           0%         N/A       61%         1
 Static Discharge         Conj/Air       0%         3-3/arc   75%         2
 Conjure Flame            Conj/Fire      0%         6-21      93%         3
 Gell's Gravitas          Tloc           0%         N/A       93%         3
 Ignite Poison            Fire/Tmut/Pois 0%         N/A       93%         3
 Lesser Beckoning         Tloc           0%         N/A       93%         3
 Teleport Other           Tloc           0%         N/A       93%         3
 Sticky Flame             Conj/Fire      0%         2d3       100%        4
 Alistair's Intoxication  Tmut/Pois      0%         N/A       100%        5
 Lightning Bolt           Conj/Air       0%         1d11      100%        5
 Maxwell's Capacitive Co  Air            0%         ∞         100%        8


Dungeon Overview and Level Annotations

Branches:
Dungeon (5/15)             Temple (0/1) D:4

Altars:
Ashenzari
Gozag
Nemelex Xobeh
Okawaru
Ru
Uskayaw
Wu Jian
The Shining One

Shops:
D:4 =!


Innate Abilities, Weirdness & Mutations

You have a pair of horns on your head.
You reflexively headbutt those who attack you in melee.


Message History

You hit the gnoll but do no damage.
The gnoll is heavily wounded.
The gnoll hits you with a +0 whip.
The gnoll sergeant hits you from afar with a +2 vampiric trident!
The hound barks!
The gnoll attacks as you move away! The gnoll hits you but does no damage.
The hound barks!
You barely miss the gnoll. You headbutt the gnoll.
You kill the gnoll!
Trog accepts your kill. The gnoll sergeant closely misses you.
The gnoll sergeant hits you with a +2 vampiric trident.
You barely miss the gnoll sergeant.
The gnoll sergeant hits you with a +2 vampiric trident.
You hit the gnoll sergeant. You headbutt the gnoll sergeant!
The gnoll sergeant is heavily wounded.
The gnoll sergeant hits you with a +2 vampiric trident!
The gnoll sergeant draws strength from your wounds!
You hit the gnoll sergeant but do no damage.
The gnoll sergeant is heavily wounded.
The gnoll sergeant hits you with a +2 vampiric trident!
* * * LOW HITPOINT WARNING * * *
You hit the gnoll sergeant but do no damage.
You headbutt the gnoll sergeant.
The gnoll sergeant is heavily wounded.
The gnoll sergeant barely misses you. You furiously retaliate!
You headbutt the gnoll sergeant, but do no damage.
You closely miss the gnoll sergeant.
The gnoll sergeant is heavily wounded.
The gnoll sergeant hits you with a +2 vampiric trident.
* * * LOW HITPOINT WARNING * * *
You closely miss the gnoll sergeant.
Your headbutt misses the gnoll sergeant.
The gnoll sergeant is heavily wounded.
The gnoll sergeant hits you but does no damage.
You barely miss the gnoll sergeant.
Your headbutt misses the gnoll sergeant.
The gnoll sergeant is heavily wounded.
The gnoll sergeant hits you with a +2 vampiric trident!
You die...

......## #.# #.# .....##
#.# #.# ......# #.# #.#
#.#...########.#####.#
............##.......#
#.#..#.....#####..#..#
....##.#...# #.###.###
...###.#...#########...##
....##.#.#.#....@g...#..#
.....#.#.#.#.##########g#
....##.#.#.#.#.hgg.. #.#
....##.#.#.#.#..hg..###.#
....##.#.#.#.#.......#..#
....##.#...#.#.......#.##
....#..#####.#.......#.#
......#.## #.#.......#)#
.........###.# #.... #.#


You could see a gnoll sergeant, 2 hounds and 3 gnolls.

Vanquished Creatures
  Grinder (D:4)
  3 scorpions
  A jelly (D:4)
  A hound (D:4)
  An iguana (D:4)
  2 gnolls (D:5)
  5 adders
  A worm (D:3)
  A dart slug (D:3)
  11 endoplasms
  7 giant cockroaches
  6 goblins
  6 hobgoblins
  7 jackals (D:4)
  8 kobolds
  5 quokkas
  7 ball pythons
  2 bats
  2 frilled lizards (D:2)
  8 rats
85 creatures vanquished.

Notes
Turn   | Place    | Note
-------+----------+-------------------------------------------
     0 | D:1      | mcbry74 the Minotaur Berserker began the quest for the Orb.
     0 | D:1      | Reached XP level 1. HP: 19/19 MP: 0/0
   538 | D:1      | Reached XP level 2. HP: 26/27 MP: 1/1
   618 | D:1      | Reached skill level 4 in Axes
  1596 | D:2      | Reached XP level 3. HP: 20/33 MP: 2/2
  1609 | D:2      | Reached ** piety under Trog
  1837 | D:2      | Found an ornate altar of the Wu Jian Council.
  2288 | D:3      | Identified the +1 leather armour of Autotheism {+Blink
                  | Int+3}
  2388 | D:3      | Reached XP level 4. HP: 34/40 MP: 3/3
  2845 | D:4      | Found a staircase to the Ecumenical Temple.
  2898 | D:4      | Reached skill level 5 in Axes
  2920 | D:4      | Reached XP level 5. HP: 35/47 MP: 4/4
  3394 | D:4      | Noticed Grinder
  3409 | D:4      | Killed Grinder
  3410 | D:4      | Reached skill level 5 in Fighting
  3410 | D:4      | Reached skill level 6 in Axes
  3410 | D:4      | Reached XP level 6. HP: 52/56 MP: 5/5
  3669 | D:4      | Found Huxtoero's Distillery.
  3676 | D:4      | Bought a potion of heal wounds for 55 gold pieces
  3709 | D:4      | Found a glowing golden altar of the Shining One.
  3716 | D:4      | Found a sacrificial altar of Ru.
  3721 | D:4      | Found a sparkling altar of Nemelex Xobeh.
  3728 | D:4      | Found an opulent altar of Gozag.
  3734 | D:4      | Found a hide-covered altar of Uskayaw.
  3749 | D:4      | Found a broken altar of Ashenzari.
  3755 | D:4      | Found an iron altar of Okawaru.
  3814 | D:4      | Found Astirgh Roer's Jewellery Boutique.
  4020 | D:4      | Reached *** piety under Trog
  4103 | D:4      | Reached XP level 7. HP: 61/61 MP: 6/6
  4256 | D:5      | Entered Level 5 of the Dungeon
  4477 | D:5      | Slain by a gnoll sergeant

Illustrated notes

Levels and vault maps discovered:
D:1:      minmay_arrival_shattered_statue, layout_loops_corners,
          dreamdust_princess_bridge, minmay_misc_feat_encased, grunt_decor_cap
D:2:      layout_basic, basic_altar
D:3:      layout_loops_ring
D:4:      layout_basic, grunt_temple_overflow_octagram,
          minmay_temple_entry_drinking_statues, serial_shops, shop_coins,
          nicolae_diamond_shop, dreamdust_wishing_well, mrwooster_statue_mirror,
          minmay_pentangle, uniq_grinder
D:5:      layout_cave_pools, mainiacjoe_overflow_catwalk_spiral,
          serial_co_window_serial, co_window_corner_a, co_window_paths_b,
          co_window_paths_a, co_window_paths_a, co_window_cross_1,
          co_window_cross_1, co_window_2corner, co_window_corner_b,
          co_window_2corner, co_window_broadway_b, co_window_corner_cb,
          co_window_paths_c, co_window_2corner, glass_columns_a,
          glass_columns_a, glass_columns_b, minmay_misc_feat_five

Skill      XL: |  1  2  3  4  5 |
---------------+----------------+-----
Axes           | 4 5 6 |  6.9
Fighting       | 4 5 |  5.5
Armour         | 3 4 |  4.7
Dodging        | 3 4 |  4.3

Action                   |  1- 3 |  4- 6 |  7- 9 || total
-------------------------+-------+-------+-------++-------
Melee: Hand axe          |   111 |    94 |    28 ||   233
       Headbutt          |    18 |    11 |     8 ||    37
       Punch             |     2 |       |       ||     2
Invok: Berserk           |       |     1 |       ||     1
  Use: Scroll            |       |     4 |       ||     4
Armor: Animal skin       |    10 |       |       ||    10
       Ring mail         |     8 |       |     6 ||    14
       Scale mail        |    16 |    43 |       ||    59
Dodge: Dodged            |    50 |    45 |    14 ||   109
